 Dungeon Crawl Stone Soup version 0.20.0-15-g7f486f2 (console) character file.

949 elitic the Sneak (level 8, -9/46 HPs)
             Began as a Halfling Enchanter on June 21, 2017.
             Was a Follower of Okawaru.
             Mangled by an orc
             ... wielding a +1 morningstar of protection
              (13 damage)
             ... on level 5 of the Dungeon.
             The game lasted 00:40:15 (4271 turns).

elitic the Sneak (Halfling Enchanter)               Turns: 4271, Time: 00:40:16

Health: -9/46      AC:  3    Str:  9    XL:     8   Next: 35%
Magic:  1/10       EV: 15    Int: 24    God:    Okawaru [*.....]
Gold:   165        SH:  0    Dex: 17    Spells: 4/10 levels left

rFire    + . .     SeeInvis .   a - +0 rapier
rCold    + . .     Gourm    .   (shield restricted)
rNeg     . . .     Faith    .   t - +0 robe
rPois    +         Spirit   .   k - +0 helmet of the Jolly Hells {rPois Regen+ Int+4 Dex+2} (curse)
rElec    +         Reflect  .   (no cloak)
rCorr    +         Harm     .   (no gloves)
MR       .....                  (no boots)
Stlth    ++++......             (no amulet)
Regen    0.6/turn               (no ring)
MPRegen  0.2/turn               (no ring)

@: brilliant, resistant, very slightly contaminated, hasted, very quick
A: mutation resistance 1
a: Heroism, Renounce Religion


You were on level 5 of the Dungeon.
You worshipped Okawaru.
Okawaru was aware of your devotion.
You were not hungry.

You visited 1 branch of the dungeon, and saw 5 of its levels.

You collected 165 gold pieces.

Inventory:

Hand Weapons
 a - a +0 rapier (weapon)
 b - a +0 blowgun
Missiles
 u - 17 sling bullets
Armour
 k - the cursed +0 helmet of the Jolly Hells (worn) {rPois Regen+ Int+4 Dex+2}
   (You took it off Robin on level 4 of the Dungeon)

   It affects your intelligence (+4).
   It affects your dexterity (+2).
   It protects you from poison.
   It increases your rate of regeneration.
   It has a curse placed upon it.
 t - a +0 robe (worn)
 D - a +2 shield
 E - a +2 ring mail of poison resistance
Jewellery
 v - an uncursed ring of fire
 w - an uncursed ring of teleportation
Wands
 y - a wand of acid (5/15)
Scrolls
 e - 2 scrolls of amnesia
 g - 2 scrolls of enchant weapon {unknown}
 n - a scroll of fear {unknown}
 p - a scroll of blinking {unknown}
 q - 3 scrolls of teleportation {unknown}
 s - 3 scrolls of remove curse
 z - 2 scrolls of recharging {unknown}
 G - a scroll of enchant armour {unknown}
Potions
 i - 2 potions of cancellation
 j - 2 potions of flight
 m - a potion of might {unknown}
 o - a potion of agility {unknown}
 r - a potion of invisibility {unknown}
 x - a potion of lignification {unknown}
 C - a potion of mutation {unknown}
 F - a potion of resistance
 H - a potion of brilliance
Books
 c - a book of Maledictions

   Spells                             Type                      Level
   a - Corona                         Hexes                        1
   b - Ensorcelled Hibernation        Hexes/Ice                    2
   c - Confuse                        Hexes                        3
   d - Tukima's Dance                 Hexes                        3
   e - Dazzling Spray                 Conjuration/Hexes            3
Comestibles
 d - 4 bread rations
 l - 2 royal jellies
 B - 2 meat rations


   Skills:
 + Level 5.0 Short Blades
 + Level 3.1 Throwing
 - Level 2.2 Dodging
 * Level 7.1 Stealth
 - Level 1.5 Spellcasting
 * Level 4.7 Hexes


You had 4 spell levels left.
You knew the following spells:

 Your Spells              Type           Power        Failure   Level  Hunger
a - Corona                Hex            #####..      1%          1    #......
b - Ensorcelled Hibernat  Hex/Ice        ####..       1%          2    ###....
c - Confuse               Hex            #####...     1%          3    ###....


Dungeon Overview and Level Annotations

Branches:
Dungeon (5/15)
 Temple: D:4-7

Altars:
Okawaru
Uskayaw

Shops:
D:5 ?


Innate Abilities, Weirdness & Mutations

You are small and have problems with some larger weapons.
You are somewhat resistant to further mutation.


Message History

You feel better. The orc wizard closely misses you.
The orc wizard hits you with an enchanted dagger!
* * * LOW HITPOINT WARNING * * *
The orc hits you but does no damage.
You feel yourself speed up.
The orc wizard hits you with an enchanted dagger.
* * * LOW HITPOINT WARNING * * *
The orc closely misses you.
Unknown command.
Unknown command.
It was a potion of resistance.
You feel protected.
The orc wizard hits you with an enchanted dagger.
* * * LOW HITPOINT WARNING * * *
The orc wizard hits you with an enchanted dagger.
* * * LOW HITPOINT WARNING * * *
It was a potion of brilliance.
You feel clever all of a sudden.
The orc hits you with a morningstar of protection!
You die...

#..##.8...8.##...#.#
### ##.....###...#.#
##...## ##..#.#
#.##'######..#.#
#.>..........#.#
###########.## #.#
#o# #@# #o# #.#
##########.#
+..........#
#####.o#####
+..........Z..
#####.#.#o#.#.
#........o


You could see an orc wizard and an orc.

Vanquished Creatures
  Edmund (D:4)
  3 ogres
  3 wights (D:5)
  A crimson imp (D:5)
  A centaur zombie (D:5)
  A hound (D:4)
  A gnoll shaman (D:5)
  2 orc wizards (D:3)
  An iguana (D:5)
  Natasha (D:4)
  A worker ant (D:5)
  A howler monkey zombie (D:5)
  Robin (D:4)
  4 adders
  6 gnolls
  A howler monkey skeleton (D:4)
  An adder skeleton (D:4)
  A worm (D:2)
  A dart slug (D:1)
  3 leopard geckos
  10 orcs
  2 giant cockroaches
  11 goblins (D:4)
  9 hobgoblins
  2 kobolds
  A quokka (D:3)
  6 bats
  5 frilled lizards
  3 rats
84 creatures vanquished.

Notes
Turn   | Place    | Note
-------+----------+-------------------------------------------
     0 | D:1      | elitic the Halfling Enchanter began the quest for the Orb.
     0 | D:1      | Reached XP level 1. HP: 11/11 MP: 3/3
     0 | D:1      | life is elsewhere
   294 | D:1      | Reached XP level 2. HP: 10/17 MP: 4/4
   313 | D:1      | Learned a level 2 spell: Ensorcelled Hibernation
   620 | D:2      | Reached skill level 4 in Stealth
   620 | D:2      | Reached XP level 3. HP: 21/21 MP: 5/5
  1455 | D:2      | Reached XP level 4. HP: 27/27 MP: 1/6
  1648 | D:3      | Reached skill level 1 in Throwing
  1953 | D:3      | Reached XP level 5. HP: 31/31 MP: 0/7
  2077 | D:3      | Learned a level 3 spell: Confuse
  2413 | D:4      | Noticed Edmund
  2452 | D:4      | Found a hide-covered altar of Uskayaw.
  2489 | D:4      | Reached skill level 5 in Stealth
  2489 | D:4      | Reached XP level 6. HP: 30/36 MP: 1/8
  2518 | D:4      | Noticed an ogre
  2568 | D:4      | Killed an ogre
  2801 | D:4      | Noticed Natasha
  2915 | D:4      | Killed Edmund
  2915 | D:4      | Reached skill level 6 in Stealth
  2915 | D:4      | Reached XP level 7. HP: 16/41 MP: 5/9
  2995 | D:5      | Entered Level 5 of the Dungeon
  3168 | D:5      | Found an iron altar of Okawaru.
  3174 | D:5      | Became a worshipper of Warmaster Okawaru
  3227 | D:5      | Found Juem's Magic Scroll Shoppe.
  3289 | D:4      | Killed Natasha
  3315 | D:4      | Noticed Robin
  3485 | D:4      | Killed Robin
  3493 | D:4      | Got a fine helmet
  3504 | D:4      | Identified the cursed +0 helmet of the Jolly Hells {rPois Regen+ Int+4 Dex+2} (You took it off Robin on level 4 of the Dungeon)
  3984 | D:5      | Reached XP level 8. HP: 46/46 MP: 4/10
  4188 | D:5      | Reached * piety under Okawaru
  4238 | D:5      | Reached skill level 5 in Short Blades
  4238 | D:5      | Reached skill level 7 in Stealth
  4271 | D:5      | Mangled by an orc

Skill      XL: |  1  2  3  4  5  6  7  8 |
---------------+-------------------------+-----
Stealth        | 4 5 6 7 |  7.1
Hexes          | 3 4 |  4.7
Throwing       | 1 2 3 |  3.1
Short Blades   | 2 4 5 |  5.0
Dodging        | |  2.2
Spellcasting   | |  1.5

Action                   |  1- 3 |  4- 6 |  7- 9 || total
-------------------------+-------+-------+-------++-------
Melee: Dagger            |    80 |    31 |       ||   111
       Rapier            |       |    37 |   101 ||   138
 Fire: Blowgun           |       |    30 |    21 ||    51
Throw: Stone             |     4 |       |       ||     4
       Tomahawk          |       |       |     2 ||     2
 Cast: Corona            |    17 |     5 |     6 ||    28
       Ensorcelled Hiber |     7 |    26 |    15 ||    48
       Confuse           |       |     1 |    13 ||    14
Evoke: Wand              |       |       |     1 ||     1
  Use: Scroll            |     5 |     1 |       ||     6
       Potion            |       |     3 |     6 ||     9
 Stab: Sleeping          |    14 |    13 |     6 ||    33
       Distracted        |       |     1 |       ||     1
       Confused          |       |       |    11 ||    11
  Eat: Chunk             |     3 |     7 |     8 ||    18
Armor: Robe              |     8 |    10 |    13 ||    31
Dodge: Dodged            |    52 |    81 |    65 ||   198
